 Dungeon Crawl Stone Soup version 0.30.0-19-g36f170ea60 (webtiles) character file.

Game seed: 14519470978254483673

108 ErythorbicAcid the Poker (level 4, 0/41 HPs)
             Began as a Minotaur Berserker on June 1, 2023.
             Was a Believer of Trog.
             Slain by an orc
             ... wielding a +1 hand axe of flaming
              (1 damage)
             ... on level 3 of the Dungeon.
             The game lasted 00:12:28 (2090 turns).

ErythorbicAcid the Poker (Minotaur Berserker)       Turns: 2090, Time: 00:12:28

Health: 0/41       AC:  3    Str: 24    XL:     4   Next: 58%
Magic:  3/3        EV: 12    Int:  4    God:    Trog [**....]
Gold:   112        SH:  0    Dex:  9    Spells: 3/3 levels left

rFire   . . .        a - +1 spear
rCold   . . .        (no shield)
rNeg    . . .        d - +0 leather armour
rPois   +            (helmet restricted)
rElec   .            (no cloak)
rCorr   .            (no gloves)
SInv    .            (no boots)
Will    .....        (no amulet)
Stlth   +            c - ring of poison resistance
HPRegen 0.26/turn    (no ring)
MPRegen 0.08/turn

%: no passive effects
@: no status effects
A: horns 2, retaliatory headbutt, MP-powered wands, noise suppression
a: Renounce Religion, Berserk, Trog's Hand


You were on level 3 of the Dungeon.
You worshipped Trog.
Trog was pleased with you.
You visited 1 branch of the dungeon, and saw 3 of its levels.

You collected 112 gold pieces.

Inventory:

Hand Weapons
 a - a +1 spear (weapon)
Missiles
 i - a poisoned dart (quivered)
Armour
 b - a +0 animal skin
 d - a +0 leather armour (worn)
Jewellery
 c - a ring of poison resistance (left hand)
Scrolls
 e - 3 scrolls of poison
 g - a scroll of teleportation
 j - a scroll of brand weapon {unknown}
Potions
 f - 2 potions of curing
 h - a potion of degeneration {unknown}


   Skills:
 + Level 4.5 Fighting
 + Level 5.2 Polearms
 + Level 3.0 Armour
 + Level 2.6 Dodging
 + Level 0.3 Stealth


You had 3 spell levels left.
You didn't know any spells.
Your spell library was empty.

Dungeon Overview and Level Annotations

Branches:
Dungeon (3/15)

Altars:

Shops:
D:2 *


Innate Abilities, Weirdness & Mutations

You have a pair of horns on your head.
You reflexively headbutt those who attack you in melee.
You expend magic power (3 MP) to strengthen your wands.
You passively dampen the noise of your surroundings.


Message History

It was a scroll of poison.
You start waiting.
An orc comes into view.
It is wielding a +1 hand axe of flaming.
The orc shouts!
An orc comes into view.
It is wielding a +0 short sword and wearing a +0 ring mail of positive energy.
Found 6 poisoned darts.
The orc shouts!
You hear a shout!
An orc wizard comes into view. It is wielding a +0 dagger.
The orc throws a stone.
The stone hits you.
An orc priest comes into view. It is wielding a +0 whip.
You closely miss the orc. The orc closely misses you.
You hit the orc. Your headbutt misses the orc.
The orc is severely wounded.
An orc comes into view. It is wielding a +0 mace.
The orc priest calls upon Beogh to heal the orc.
The orc's wounds heal themselves!
The orc hits you but does no damage. The orc attacks as you move away!
The orc hits you with a +1 hand axe of flaming.
The orc burns you. The orc attacks as you move away! The orc barely misses you.
The orc wizard mumbles some strange words.
The orc wizard flickers and vanishes!
Deactivating autopickup; reactivate with Ctrl-A.
The orc shouts!
The orc priest mumbles some strange prayers to Beogh against you.
Beogh smites you! The orc attacks as you move away! The orc barely misses you.
Found a scroll of identify.
The orc attacks as you move away!
The orc hits you with a +1 hand axe of flaming!
* * * LOW HITPOINT WARNING * * *
The orc burns you.
* * * LOW HITPOINT WARNING * * *
The orc attacks as you move away! The orc barely misses you.
You open the door.
The orc throws a stone.
The stone closely misses you.
The orc priest calls down the wrath of Beogh upon you.
Beogh smites you!
* * * LOW HITPOINT WARNING * * *
The orc hits you with a +1 hand axe of flaming.
You die...

##### #... #####.#+## #........#
###### #######........# #.....
#####..............# #.....
####...........##.....######.....
...............'@o.###....##.....
...............#.....{o...##.....
.............#.....o..........†..
####.........#.........o.........
#.........###......#..........
#...............##########....
####...............+ +....
....#......>.......# #....
....######.......... #....


You could see an orc priest and 3 orcs.

Vanquished Creatures
  7 adders
  A worm (D:2)
  2 dart slugs
  An endoplasm (D:2)
  3 giant cockroaches (D:1)
  4 hobgoblins
  4 jackals (D:3)
  2 kobolds (D:1)
  4 quokkas
  3 ball pythons (D:1)
  2 bats (D:1)
  A frilled lizard (D:2)
  3 goblins
  4 rats
41 creatures vanquished.

Notes
Turn   | Place    | Note
-------+----------+-------------------------------------------
     0 | D:1      | ErythorbicAcid the Minotaur Berserker began the quest for
                  | the Orb.
     0 | D:1      | Reached XP level 1. HP: 19/19 MP: 0/0
   199 | D:1      | Reached skill level 4 in Polearms
   226 | D:1      | Reached XP level 2. HP: 27/27 MP: 1/1
   332 | D:1      | Found a faded altar of an unknown god.
   746 | D:2      | Reached XP level 3. HP: 31/33 MP: 2/2
  1235 | D:2      | Gained mutation: You passively dampen the noise of your
                  | surroundings. [potion of mutation]
  1235 | D:2      | Gained mutation: You expend magic power (3 MP) to
                  | strengthen your wands. [potion of mutation]
  1447 | D:2      | Found Zyfox's Assorted Antiques.
  1819 | D:3      | Reached ** piety under Trog
  1863 | D:3      | Reached skill level 5 in Polearms
  1863 | D:3      | Reached XP level 4. HP: 39/40 MP: 3/3
  2090 | D:3      | HP: 1/41 [orc priest/divine providence (9)]
  2090 | D:3      | Slain by an orc

Illustrated notes

Levels and vault maps discovered:
D:1:      nzn_arrival_crosshair, layout_rooms,
          dreamdust_ecumenical_altar_angels_and_demons
D:2:      layout_basic, serial_shops, shop, minmay_tetromino_o2
D:3:      layout_basic, nicolae_half_adder

Skill      XL: |  1  2  3  4 |
---------------+-------------+-----
Polearms       | 4 5 |  5.2
Fighting       | 4 |  4.5
Armour         | 3 |  3.0
Dodging        | |  2.6
Stealth        | |  0.3

Action                     |  1- 3 |  4- 6 || total
---------------------------+-------+-------++-------
  Melee: Spear             |    89 |    28 ||   117
         Headbutt          |     9 |       ||     9
  Throw: Dart              |     2 |       ||     2
 Invoke: Berserk           |     2 |       ||     2
    Use: Scroll            |     3 |     1 ||     4
         Potion            |     4 |       ||     4
   Stab: Sleeping          |     2 |       ||     2
 Armour: Animal skin       |     3 |       ||     3
         Skin              |     2 |       ||     2
         Leather armour    |     8 |     7 ||    15
  Dodge: Dodged            |    35 |    14 ||    49
